MLB
TORONTO BLUE JAYS @ BALTIMORE ORIOLES
08/04/2019
 
TOP OF THE 1ST
Toronto Blue Jays batting - Pitching for Baltimore Orioles : RHP Shohei Ohtani
Pitching: RHP Shohei Ohtani
Batting: SHB Billy Hamilton 0-0: Ball
1-0: Fly out, F7 (Line Drive, 7D, EV 90.0 MPH)
Batting: RHB Elvis Andrus 0-0: Ground out 6-3 (Groundball, 6, EV 103.1 MPH)
Batting: RHB Kris Bryant 0-0: Ball
1-0: Ball
2-0: Ball
3-0: Called Strike
3-1: Base on Balls
Batting: RHB Nicholas Castellanos 0-0: Foul Ball, location: 2F
0-1: Ball
1-1: Foul Ball, location: 2F
1-2: Strikes out looking
Top of the 1st over - 0 runs, 0 hits, 0 errors, 1 left on base; Toronto 0 - Baltimore 0
BOTTOM OF THE 1ST
Baltimore Orioles batting - Pitching for Toronto Blue Jays : RHP Kendall Graveman
Pitching: RHP Kendall Graveman
Batting: RHB Andrew McCutchen 0-0: Ball
1-0: Swinging Strike
1-1: Foul Ball, location: 2F
1-2: Fly out, F9 (Flyball, 89M, EV 88.1 MPH)
Batting: RHB Albert Almora 0-0: Ground out 1-3 (Groundball, P, EV 85.0 MPH)
Batting: LHB Joey Votto 0-0: Called Strike
0-1: SINGLE (Line Drive, 6D, EV 109.4 MPH)
Batting: LHB Daniel Murphy 0-0: Called Strike
0-1: Ball
1-1: Ball
2-1: Ground out 3-1 (Groundball, 34, EV 103.8 MPH)
Bottom of the 1st over - 0 runs, 1 hit, 0 errors, 1 left on base; Toronto 0 - Baltimore 0
TOP OF THE 2ND
Toronto Blue Jays batting - Pitching for Baltimore Orioles : RHP Shohei Ohtani
Batting: RHB Yoenis Cespedes 0-0: Ball
1-0: Ball
2-0: Ball
3-0: Called Strike
3-1: Foul Ball, location: 2F
3-2: Strikes out looking
Batting: SHB Josh Bell 0-0: Ball
1-0: Foul Ball, location: 2F
1-1: Foul Ball, location: 2F
1-2: Foul Ball, location: 2F
1-2: Ball
2-2: Foul Ball, location: 2F
2-2: TRIPLE (Flyball, 89XD, EV 96.9 MPH)
Batting: RHB Travis d'Arnaud 0-0: Ball
1-0: Ball
2-0: Ground out 4-3 (Groundball, 4S, EV 90.0 MPH)
Josh Bell scores
Batting: RHB Keon Broxton 0-0: Called Strike
0-1: Ball
1-1: Swinging Strike
1-2: Strikes out looking
Top of the 2nd over - 1 run, 1 hit, 0 errors, 0 left on base; Toronto 1 - Baltimore 0
BOTTOM OF THE 2ND
Baltimore Orioles batting - Pitching for Toronto Blue Jays : RHP Kendall Graveman
Batting: SHB Asdrubal Cabrera 0-0: Ball
1-0: Ball
2-0: Called Strike
2-1: SINGLE (Groundball, 34D, EV 100.6 MPH)
Batting: LHB Nomar Mazara 0-0: Called Strike
0-1: Ball
1-1: Swinging Strike
1-2: Strikes out swinging
Batting: RHB Maikel Franco 0-0: Foul Ball, location: 2F
0-1: Fly out, F9 (Flyball, 9LS, EV 87.5 MPH)
Batting: SHB Dexter Fowler 0-0: Ball
1-0: Called Strike
Asdrubal Cabrera steals 2nd base
1-1: Ball
2-1: Foul Ball, location: 2F
2-2: Ball
3-2: SINGLE (Flyball, 89M, EV 89.4 MPH)
Asdrubal Cabrera to third
Asdrubal Cabrera scores
Batting: RHB A.J. Ellis 0-0: Called Strike
0-1: Ball
1-1: Called Strike
1-2: Strikes out swinging
Bottom of the 2nd over - 1 run, 2 hits, 0 errors, 1 left on base; Toronto 1 - Baltimore 1
TOP OF THE 3RD
Toronto Blue Jays batting - Pitching for Baltimore Orioles : RHP Shohei Ohtani
Batting: RHB Dixon Machado 0-0: Called Strike
0-1: Ball
1-1: Ball
2-1: Ball
3-1: SINGLE (Flyball, 5D, EV 82.5 MPH)
Batting: SHB Billy Hamilton 0-0: Ball
1-0: Ball
2-0: SINGLE (Groundball, 56D, EV 93.8 MPH)
Dixon Machado to second
Batting: RHB Elvis Andrus 0-0: Called Strike
0-1: Ball
1-1: Called Strike
1-2: Ball
2-2: Grounds into double play, 6-4-3 (Groundball, 6, EV 103.1 MPH)
Dixon Machado to third
Batting: RHB Kris Bryant 0-0: Called Strike
0-1: Swinging Strike
0-2: Foul Ball, location: 2F
0-2: Ball
1-2: Strikes out swinging
Top of the 3rd over - 0 runs, 2 hits, 0 errors, 1 left on base; Toronto 1 - Baltimore 1
BOTTOM OF THE 3RD
Baltimore Orioles batting - Pitching for Toronto Blue Jays : RHP Kendall Graveman
Batting: RHB Andrew McCutchen 0-0: Fly out, F9 (Flyball, 9LS, EV 77.5 MPH)
Batting: RHB Albert Almora 0-0: Swinging Strike
0-1: Swinging Strike
0-2: Ball
1-2: Foul Ball, location: 2F
1-2: Ball
2-2: Foul Ball, location: 2F
2-2: Ground out 4-3 (Groundball, 4, EV 80.6 MPH)
Batting: LHB Joey Votto 0-0: Called Strike
0-1: Ball
1-1: Called Strike
1-2: SINGLE (Groundball, 34D, EV 100.6 MPH)
Batting: LHB Daniel Murphy 0-0: Ball
1-0: Called Strike
1-1: Foul Ball, location: 2F
1-2: Foul Ball, location: 2F
1-2: Ball
2-2: Ground out 4-3 (Groundball, 4, EV 84.4 MPH)
Bottom of the 3rd over - 0 runs, 1 hit, 0 errors, 1 left on base; Toronto 1 - Baltimore 1
TOP OF THE 4TH
Toronto Blue Jays batting - Pitching for Baltimore Orioles : RHP Shohei Ohtani
Batting: RHB Nicholas Castellanos 0-0: Foul Ball, location: 2F
0-1: Ball
1-1: Ball
2-1: Ball
3-1: Foul Ball, location: 2F
3-2: Strikes out swinging
Batting: RHB Yoenis Cespedes 0-0: Called Strike
0-1: Foul Ball, location: 2F
0-2: Ball
1-2: Foul Ball, location: 2F
1-2: Ball
2-2: Ball
3-2: Base on Balls
Batting: SHB Josh Bell 0-0: Ball
1-0: Ball
2-0: Ball
3-0: Swinging Strike
3-1: Foul Ball, location: 2F
3-2: Foul Ball, location: 2F
3-2: Strikes out swinging
Batting: RHB Travis d'Arnaud 0-0: 2-RUN HOME RUN (Flyball, 78XD, EV 102.5 MPH), Distance : 378 ft
Batting: RHB Keon Broxton 0-0: Called Strike
0-1: Swinging Strike
0-2: Strikes out swinging
Top of the 4th over - 2 runs, 1 hit, 0 errors, 0 left on base; Toronto 3 - Baltimore 1
BOTTOM OF THE 4TH
Baltimore Orioles batting - Pitching for Toronto Blue Jays : RHP Kendall Graveman
Batting: SHB Asdrubal Cabrera 0-0: Called Strike
0-1: Ball
1-1: Fly out, F8 (Flyball, 8RXD, EV 104.4 MPH)
Batting: LHB Nomar Mazara 0-0: Ball
1-0: DOUBLE (Groundball, 3L, EV 100.6 MPH)
Batting: RHB Maikel Franco 0-0: Ball
1-0: Foul Ball, location: 2F
1-1: Foul Ball, location: 2F
1-2: Ball
2-2: Ground out 5-3 (Groundball, 56S, EV 62.5 MPH)
Nomar Mazara to third
Batting: SHB Dexter Fowler 0-0: Called Strike
0-1: Ball
1-1: Foul Ball, location: 2F
1-2: Ball
2-2: Ball
3-2: Base on Balls
Batting: RHB A.J. Ellis 0-0: Swinging Strike
0-1: Ball
1-1: Called Strike
1-2: Ball
2-2: Ground out 3-1 (Groundball, 34, EV 80.0 MPH)
Bottom of the 4th over - 0 runs, 1 hit, 0 errors, 2 left on base; Toronto 3 - Baltimore 1
TOP OF THE 5TH
Toronto Blue Jays batting - Pitching for Baltimore Orioles : RHP Shohei Ohtani
Batting: RHB Dixon Machado 0-0: Ground out 6-3 (Groundball, 6, EV 76.9 MPH)
Batting: SHB Billy Hamilton 0-0: Ball
1-0: Ball
2-0: Ball
3-0: Base on Balls
Batting: RHB Elvis Andrus 0-0: Ball
Billy Hamilton steals 2nd base
1-0: Ball
2-0: Reached on error, E6 (Groundball, 6, EV 83.8 MPH)
Billy Hamilton to third
Batting: RHB Kris Bryant 0-0: Called Strike
0-1: Ball
1-1: Ball
2-1: Fly out, F7 (Line Drive, 7, EV 92.5 MPH)
Runner from 3rd tags up, SCORES, no throw by LF
Batting: RHB Nicholas Castellanos 0-0: Ball
1-0: Ball
2-0: Called Strike
2-1: Foul Ball, location: 2F
2-2: Ball
3-2: Base on Balls
Elvis Andrus to second
Batting: RHB Yoenis Cespedes 0-0: Ball
1-0: Ball
2-0: Swinging Strike
2-1: Ball
3-1: Called Strike
3-2: Foul Ball, location: 2F
3-2: Foul Ball, location: 2F
3-2: Foul Ball, location: 2F
3-2: Foul Ball, location: 2F
3-2: Foul Ball, location: 2F
3-2: Foul Ball, location: 2F
3-2: Foul Ball, location: 2F
3-2: Strikes out swinging
Top of the 5th over - 1 run, 0 hits, 1 error, 2 left on base; Toronto 4 - Baltimore 1
BOTTOM OF THE 5TH
Baltimore Orioles batting - Pitching for Toronto Blue Jays : RHP Kendall Graveman
Batting: RHB Andrew McCutchen 0-0: Ball
1-0: SINGLE (Line Drive, 34D, EV 98.8 MPH)
Batting: RHB Albert Almora 0-0: Ball
1-0: Ball
2-0: Fly out, F8 (Line Drive, 8RM, EV 86.9 MPH)
Batting: LHB Joey Votto 0-0: Ball
1-0: Foul Ball, location: 2F
1-1: Called Strike
1-2: Ball
2-2: Foul Ball, location: 2F
2-2: Strikes out swinging
Batting: LHB Daniel Murphy 0-0: Ball
1-0: Called Strike
1-1: Ball
2-1: Ball
3-1: Called Strike
3-2: Fly out, F9 (Flyball, 9D, EV 100.6 MPH)
Bottom of the 5th over - 0 runs, 1 hit, 0 errors, 1 left on base; Toronto 4 - Baltimore 1
TOP OF THE 6TH
Toronto Blue Jays batting - Pitching for Baltimore Orioles : RHP Shohei Ohtani
Pitching: RHP James Norwood
Batting: SHB Josh Bell 0-0: Foul Ball, location: 2F
0-1: Ground out U3 (Groundball, 34, EV 100.6 MPH)
Batting: RHB Travis d'Arnaud 0-0: Called Strike
0-1: Ball
1-1: Foul Ball, location: 2F
1-2: Strikes out swinging
Batting: RHB Keon Broxton 0-0: Ball
1-0: Ball
2-0: Ball
3-0: Base on Balls
Batting: RHB Dixon Machado 0-0: Called Strike
Keon Broxton steals 2nd base
0-1: Foul Ball, location: 2F
0-2: Ball
1-2: Ball
2-2: Ball
3-2: Strikes out looking
Top of the 6th over - 0 runs, 0 hits, 0 errors, 1 left on base; Toronto 4 - Baltimore 1
BOTTOM OF THE 6TH
Baltimore Orioles batting - Pitching for Toronto Blue Jays : RHP Kendall Graveman
Pitching: RHP Mason McCullough
Batting: SHB Asdrubal Cabrera 0-0: Ball
1-0: Called Strike
1-1: SOLO HOME RUN (Flyball, 9LD, EV 109.4 MPH), Distance : 346 ft
Batting: LHB Nomar Mazara 0-0: Ball
1-0: Foul Ball, location: 2F
1-1: Swinging Strike
1-2: Strikes out looking
Batting: RHB Maikel Franco 0-0: SOLO HOME RUN (Flyball, 78XD, EV 100.6 MPH), Distance : 401 ft
Batting: SHB Dexter Fowler 0-0: Foul Ball, location: 2F
0-1: Called Strike
0-2: Ball
1-2: Ball
2-2: Foul Ball, location: 2F
2-2: Ball
3-2: Base on Balls
Pitching: RHP JC Ramirez
Batting: RHB A.J. Ellis 0-0: Foul Ball, location: 2F
0-1: Foul Ball, location: 2F
0-2: Ball
1-2: Ball
2-2: Foul Ball, location: 2F
2-2: Foul Ball, location: 2F
2-2: Foul Ball, location: 2F
2-2: Foul Ball, location: 2F
2-2: Strikes out looking
Dexter Fowler steals 2nd base
Batter strikes out.
Batting: RHB Andrew McCutchen 0-0: Ball
1-0: Foul Ball, location: 2F
1-1: Foul Ball, location: 2F
1-2: Foul Ball, location: 2F
1-2: Ball
2-2: Foul Ball, location: 2F
2-2: Ball
3-2: Base on Balls
Batting: RHB Albert Almora 0-0: Foul Ball, location: 2F
0-1: Called Strike
0-2: Ball
1-2: Ball
2-2: Ball
3-2: Foul Ball, location: 2F
3-2: Base on Balls
Dexter Fowler to third
Andrew McCutchen to second
Batting: LHB Joey Votto 0-0: Ball
1-0: Ball
2-0: Fielders Choice at 2nd, 5-4 (Groundball, 56, EV 90.6 MPH)
Bottom of the 6th over - 2 runs, 2 hits, 0 errors, 3 left on base; Toronto 4 - Baltimore 3
TOP OF THE 7TH
Toronto Blue Jays batting - Pitching for Baltimore Orioles : RHP James Norwood
Pitching: RHP Jimmie Sherfy
Batting: SHB Billy Hamilton 0-0: Called Strike
0-1: Ball
1-1: Ball
2-1: Ball
3-1: Foul Ball, location: 2F
3-2: Foul Ball, location: 2F
3-2: Strikes out swinging
Batting: RHB Elvis Andrus 0-0: Ball
1-0: Called Strike
1-1: Foul Ball, location: 2F
1-2: Ball
2-2: Foul Ball, location: 2F
2-2: Ball
3-2: Strikes out swinging
Batting: RHB Kris Bryant 0-0: Foul Ball, location: 2F
0-1: Swinging Strike
0-2: Ball
1-2: Strikes out swinging
Top of the 7th over - 0 runs, 0 hits, 0 errors, 0 left on base; Toronto 4 - Baltimore 3
BOTTOM OF THE 7TH
Baltimore Orioles batting - Pitching for Toronto Blue Jays : RHP JC Ramirez
Pitching: RHP Shelby Miller
Batting: LHB Daniel Murphy 0-0: Foul Ball, location: 2F
0-1: Foul Ball, location: 2F
0-2: Ground out 3-1 (Groundball, 34, EV 83.1 MPH)
Batting: SHB Asdrubal Cabrera 0-0: Called Strike
0-1: Ball
1-1: Foul Ball, location: 2F
1-2: Strikes out swinging
Batting: LHB Nomar Mazara 0-0: Ball
1-0: Called Strike
1-1: Ground out 6-3 (Groundball, 4M, EV 108.8 MPH)
Bottom of the 7th over - 0 runs, 0 hits, 0 errors, 0 left on base; Toronto 4 - Baltimore 3
TOP OF THE 8TH
Toronto Blue Jays batting - Pitching for Baltimore Orioles : RHP Jimmie Sherfy
Pitching: RHP R.J. Alaniz
Batting: RHB Nicholas Castellanos 0-0: Ball
1-0: SINGLE (Groundball, 6MD, EV 109.4 MPH)
Batting: RHB Yoenis Cespedes 0-0: Hit by Pitch
Nicholas Castellanos to second
Batting: SHB Josh Bell 0-0: Ball
1-0: Ball
2-0: Ball
3-0: Called Strike
3-1: Foul Ball, location: 2F
3-2: Foul Ball, location: 2F
3-2: SINGLE (Groundball, 56, EV 95.0 MPH)
Nicholas Castellanos to third
Yoenis Cespedes to second
Batting: RHB Travis d'Arnaud 0-0: Ball
1-0: Ball
2-0: Foul Ball, location: 2F
2-1: SINGLE (Groundball, 6MD, EV 95.0 MPH)
Nicholas Castellanos scores
Yoenis Cespedes to third
Josh Bell to second
Batting: RHB Keon Broxton 0-0: Ball
1-0: Ball
2-0: Called Strike
2-1: Ball
3-1: Foul Ball, location: 2F
3-2: Strikes out looking
Pitching: RHP Carlos Estevez
Batting: RHB Dixon Machado 0-0: Called Strike
0-1: Foul Ball, location: 2F
0-2: Grounds into fielders choice 5-2 (Groundball, 56S, EV 62.5 MPH)
Josh Bell to third
Travis d'Arnaud to second
Batting: SHB Billy Hamilton 0-0: Called Strike
0-1: Ball
1-1: Foul Ball, location: 2F
1-2: Foul Ball, location: 2F
1-2: Fly out, F8 (Flyball, 8RD, EV 92.5 MPH)
Top of the 8th over - 1 run, 3 hits, 0 errors, 3 left on base; Toronto 5 - Baltimore 3
BOTTOM OF THE 8TH
Baltimore Orioles batting - Pitching for Toronto Blue Jays : RHP Shelby Miller
Pitching: RHP Danny Barnes
Batting: RHB Maikel Franco 0-0: Swinging Strike
0-1: Ball
1-1: Called Strike
1-2: Foul Ball, location: 2F
1-2: Fly out, F8 (Flyball, 8LS, EV 86.3 MPH)
Batting: SHB Dexter Fowler 0-0: Ground out 6-3 (Groundball, 6, EV 100.6 MPH)
Batting: RHB A.J. Ellis 0-0: Ball
1-0: Swinging Strike
1-1: Foul Ball, location: 2F
1-2: Foul Ball, location: 2F
1-2: Foul Ball, location: 2F
1-2: Ball
2-2: Ball
3-2: Base on Balls
Batting: RHB Andrew McCutchen 0-0: Ball
1-0: Fly out, F9 (Flyball, 89XD, EV 97.5 MPH)
Bottom of the 8th over - 0 runs, 0 hits, 0 errors, 1 left on base; Toronto 5 - Baltimore 3
TOP OF THE 9TH
Toronto Blue Jays batting - Pitching for Baltimore Orioles : RHP Carlos Estevez
Batting: RHB Elvis Andrus 0-0: Ground out 5-3 (Groundball, 56, EV 101.3 MPH)
Batting: RHB Kris Bryant 0-0: Called Strike
0-1: Ball
1-1: Called Strike
1-2: Ball
2-2: Fly out, F8 (Flyball, 8LD, EV 91.9 MPH)
Batting: RHB Nicholas Castellanos 0-0: Ball
1-0: Swinging Strike
1-1: Foul Ball, location: 2F
1-2: Strikes out swinging
Top of the 9th over - 0 runs, 0 hits, 0 errors, 0 left on base; Toronto 5 - Baltimore 3
BOTTOM OF THE 9TH
Baltimore Orioles batting - Pitching for Toronto Blue Jays : RHP Danny Barnes
Pitching: RHP Ken Giles
Batting: RHB Albert Almora 0-0: Fly out, F4 (Line Drive, 4, EV 66.9 MPH)
Batting: LHB Joey Votto 0-0: Called Strike
0-1: Ground out U3 (Groundball, 34S, EV 70.6 MPH)
Batting: LHB Daniel Murphy 0-0: Called Strike
0-1: Ball
1-1: Fly out, F1 (Line Drive, P, EV 65.0 MPH)
Bottom of the 9th over - 0 runs, 0 hits, 0 errors, 0 left on base; Toronto 5 - Baltimore 3
Friday, November 8th, 2019 - OOTP Baseball 20.6 Build 55